 Dungeon Crawl Stone Soup version 0.22.0 (webtiles) character file.

174 Peloso the Shield-Bearer (level 5, -1/47 HPs)
             Began as a Minotaur Fighter on Aug 11, 2018.
             Killed by divine providence
             ... invoked by an orc priest
              (14 damage)
             ... on level 2 of the Dungeon.
             The game lasted 00:02:52 (914 turns).

Peloso the Shield-Bearer (Minotaur Fighter)          Turns: 914, Time: 00:02:52

Health: -1/47      AC:  9    Str: 21    XL:     5   Next: 28%
Magic:  4/4        EV:  6    Int:  5    God:
Gold:   57         SH:  9    Dex: 10    Spells: 4/4 levels left

rFire    . . .     SeeInvis .   a - +0 long sword
rCold    . . .     Gourm    .   c - +0 shield
rNeg     . . .     Faith    .   b - +0 chain mail
rPois    .         Spirit   .   (helmet restricted)
rElec    .         Reflect  .   (no cloak)
rCorr    .         Harm     .   (no gloves)
MR       .....                  (no boots)
Stlth    ..........             (no amulet)
HPRegen  0.15/turn              (no ring)
MPRegen  0.09/turn              (no ring)

@: no status effects
A: retaliatory headbutt, horns 2
a: no special abilities


You were on level 2 of the Dungeon.
You were not hungry.

You visited 1 branch of the dungeon, and saw 2 of its levels.

You collected 57 gold pieces.

Inventory:

Hand Weapons
 a - a +0 long sword (weapon)
Armour
 b - a +0 chain mail (worn)
 c - a +0 shield (worn)
Jewellery
 k - a cursed amulet of rage {unknown}
Scrolls
 e - a scroll of enchant armour {unknown}
 g - a scroll of magic mapping {unknown}
 i - a scroll of remove curse {unknown}
 j - a scroll of fog {unknown}
Potions
 d - a potion of might
Comestibles
 f - 2 rations
 h - 5 chunks of flesh


   Skills:
 + Level 4.4 Fighting
 + Level 4.0 Long Blades
 + Level 4.7 Armour
 + Level 0.8 Dodging
 + Level 4.8 Shields


You had 4 spell levels left.
You didn't know any spells.
Your spell library was empty.

Dungeon Overview and Level Annotations

Branches:
Dungeon (2/15)

Altars:
The Shining One


Innate Abilities, Weirdness & Mutations

You reflexively headbutt those who attack you in melee.
You have a pair of horns on your head.


Message History

Natasha closely misses you.
The iron imp laughs crazily.
You block Natasha's attack.
Unknown command.
You hit Natasha.
Natasha is severely wounded.
You block Natasha's attack.
Unknown command.
You slash Natasha!
You kill Natasha!
You hear a faint echoing roar filled with hate and sorrow!
The iron imp disappears in a puff of smoke!
The shadow imp disappears in a puff of smoke!
Your Long Blades skill increases to level 4!
Unknown command.
You hit the orc priest.
The orc priest is lightly wounded.
The orc priest calls down the wrath of Beogh upon you.
Beogh smites you!
You die...

#...... #.##.$#
#.##..# #.##..###
#.##..#..
#.##..#.########
#.##..#........#
#†##..#..#...#..
#@##............
#o##............
##o##...o........
#.§..h.5o.#...#..
#§###o.#........#
# #.#
#..#.#########.
#.#
#..#...........
#.###............#
#.#....##........#


You could see an orc priest and an orc.

Vanquished Creatures
  An orc priest (D:2)
  An orc wizard (D:2)
  Jessica (D:2)
  Terence (D:2)
  Natasha (D:2)
  A worm (D:2)
  4 dart slugs
  2 leopard geckos (D:2)
  3 orcs (D:2)
  2 bats (D:2)
  A giant cockroach (D:1)
  5 hobgoblins
  2 kobolds (D:1)
  A frilled lizard (D:1)
  3 goblins
  3 rats (D:1)
32 creatures vanquished.

Notes
Turn   | Place    | Note
-------+----------+-------------------------------------------
     0 | D:1      | Peloso the Minotaur Fighter began the quest for the Orb.
     0 | D:1      | Reached XP level 1. HP: 19/19 MP: 0/0
   228 | D:1      | Reached XP level 2. HP: 24/27 MP: 1/1
   628 | D:2      | Noticed Terence
   636 | D:2      | Killed Terence
   636 | D:2      | Reached XP level 3. HP: 29/33 MP: 2/2
   659 | D:2      | Found a glowing golden altar of the Shining One.
   755 | D:2      | Noticed Jessica
   780 | D:2      | Killed Jessica
   780 | D:2      | Reached XP level 4. HP: 39/40 MP: 3/3
   884 | D:2      | Noticed Natasha
   909 | D:2      | Reached XP level 5. HP: 11/47 MP: 4/4
   913 | D:2      | Killed Natasha
   914 | D:2      | Killed from afar by an orc priest

Skill      XL: |  1  2  3  4  5 |
---------------+----------------+-----
Fighting       | 4 |  4.4
Long Blades    | 3 4 |  4.0
Armour         | 4 |  4.7
Shields        | 4 |  4.8
Dodging        | |  0.8

Action                   |  1- 3 |  4- 6 || total
-------------------------+-------+-------++-------
Melee: Long sword        |    58 |    22 ||    80
       Headbutt          |    13 |     3 ||    16
Armor: Scale mail        |    20 |       ||    20
       Chain mail        |       |     9 ||     9
Dodge: Dodged            |    33 |     3 ||    36
Block: Shield            |    38 |    10 ||    48
       Rpst.: Long sword |    10 |     2 ||    12
